 Dungeon Crawl Stone Soup version 0.25-a0-566-g062765be81 (webtiles) character file.

Game seed: 3481011090374572022, levelgen mode: deterministic

297 drasked the Cleaver (level 6, -3/76 HPs)
             Began as a Hill Orc Monk on Feb 29, 2020.
             Slain by a two-headed ogre
             ... wielding a cursed -3 giant club
              (13 damage)
             ... on level 4 of the Dungeon.
             The game lasted 00:09:30 (5008 turns).

drasked the Cleaver (Hill Orc Monk)                 Turns: 5008, Time: 00:09:31

Health: -3/76      AC:  9    Str: 14    XL:     6   Next: 35%
Magic:  6/6        EV:  6    Int: 12    God:
Gold:   185        SH:  0    Dex: 13    Spells: 5/5 levels left

rFire    . . .     SeeInvis .   a - +0 hand axe
rCold    . . .     Gourm    .   (no shield)
rNeg     . . .     Faith    .   j - +0 chain mail
rPois    .         Spirit   .   (no helmet)
rElec    .         Reflect  .   (no cloak)
rCorr    .         Harm     .   l - +0 pair of gloves
MR       .....     Rnd*Tele +   (no boots)
Stlth    ..........             (no amulet)
HPRegen  0.22/turn              n - ring of teleportation (curse) {+/*tele, !d}
MPRegen  0.10/turn              (no ring)

@: berserking (expiring), very quick
A: no striking features
a: no special abilities


You were on level 4 of the Dungeon.
You were not hungry.

You visited 1 branch of the dungeon, and saw 4 of its levels.

You collected 185 gold pieces.

Inventory:

Hand Weapons
 a - a +0 hand axe (weapon)
Missiles
 f - a throwing net {=f, !d=f}
 Q - a stone (quivered)
Armour
 j - a +0 chain mail (worn)
   (You took it off an orc on level 3 of the Dungeon)
 l - a +0 pair of gloves (worn)
   (You found it on level 2 of the Dungeon)
Jewellery
 n - a cursed ring of teleportation (left hand) {+/*tele, !d}
   (You found it on level 3 of the Dungeon)
Scrolls
 g - a scroll of fear
 i - 4 scrolls of identify
Potions
 b - a potion of cancellation {unknown}
 c - a potion of resistance {unknown}
 h - a potion of heal wounds {unknown}
 k - a potion of lignification {!q!q}
 p - 3 potions of curing {unknown}
Comestibles
 d - a chunk of flesh {@w0}
 e - 5 rations


   Skills:
 - Level 3.6 Fighting
 * Level 9.1 Axes
 - Level 2.4 Dodging
 - Level 1.5 Stealth


You had 5 spell levels left.
You didn't know any spells.
Your spell library was empty.

Dungeon Overview and Level Annotations

Branches:
Dungeon (4/15)
 Temple: D:4-7

Altars:
Okawaru
Sif Muna

Annotations:
D:3 1 runed translucent door, Crazy Yiuf


Message History

j - a +0 chain mail You start removing your armour.
You continue taking off your +0 leather armour. x4
You finish taking off your +0 leather armour.
You start putting on your armour.
You continue putting on your +0 chain mail. x5
You finish putting on your +0 chain mail.
Drop what? 15/52 slots (_ for help) (? for menu, Esc to quit)
You drop a +0 leather armour.
Things that are here:
a +0 flail; a cursed -2 leather armour; a +0 short sword
There is an open door, spattered with blood here.
Partly explored, can't reach some places.
There is a stone staircase leading down here.
You climb downwards.
There is a stone staircase leading up here.
A frilled lizard comes into view.
Found a stone staircase leading down.
You hit the frilled lizard.
You kill the frilled lizard!
You feel strangely unstable.
You are suddenly yanked towards a nearby monster!
Your surroundings suddenly seem different.
A leopard gecko comes into view.
The leopard gecko hisses angrily.
Found a stone staircase leading up.
A leopard gecko is nearby!
A leopard gecko is nearby!
You hit the leopard gecko.
The leopard gecko completely misses you.
You miss the leopard gecko.
The leopard gecko bites you but does no damage.
You closely miss the leopard gecko.
The leopard gecko bites you but does no damage.
You hit the leopard gecko.
You kill the leopard gecko!
No target in view!
No target in view!
You see here a leopard gecko corpse.
You butcher the leopard gecko corpse.
d - 2 chunks of flesh {@w0} You see here a leopard gecko skeleton.
Eating one of 2 chunks of flesh {@w0}.
You eat one of the 2 chunks of flesh {@w0}.
A worker ant comes into view.
The worker ant twitches its antennae in your direction.
A worker ant is nearby!
A worker ant is nearby!
A worker ant is nearby!
You slash the worker ant!
The worker ant bites you but does no damage.
You hit the worker ant. The worker ant bites you.
You are poisoned.
The worker ant poisons you!
You hit the worker ant.
You kill the worker ant!
You feel sick.
You start resting.
You feel sick. x7
You are no longer poisoned.
You start resting.
o - a scroll labeled KAOWET RACOE
Found a shimmering blue altar of Sif Muna.
Found a stone staircase leading up.
There is a stone staircase leading up here.
Q - a stone
Things that are here:
a +0 leather armour; a +0 whip; an orc skeleton A two-headed ogre comes into view.
It is wielding a -3 giant club and a +0 giant club.
Okay, then.
As you read the scroll labeled KAOWET RACOE, it crumbles to dust.
You hear the ringing of an enormous bell.
It was a scroll of random uselessness.
You see here 18 stones.
Really quaff
m - a potion of berserk rage {!q!q}?
A red film seems to cover your vision as you go berserk!
You feel yourself moving faster!
You feel mighty!
You slash the two-headed ogre!
The two-headed ogre hits you with a cursed -3 giant club!
The two-headed ogre hits you with a +0 giant club.
You slash the two-headed ogre!
Your chain mail prevents you from hitting the two-headed ogre.
You barely miss the two-headed ogre.
The two-headed ogre hits you with a cursed -3 giant club.
The two-headed ogre hits you with a +0 giant club!
* * * LOW HITPOINT WARNING * * *
You hit the two-headed ogre.
You completely miss the two-headed ogre.
The two-headed ogre closely misses you.
The two-headed ogre hits you with a +0 giant club.
* * * LOW HITPOINT WARNING * * *
You closely miss the two-headed ogre.
Your chain mail prevents you from hitting the two-headed ogre.
The two-headed ogre hits you with a cursed -3 giant club!
* * * LOW HITPOINT WARNING * * *
The two-headed ogre hits you with a +0 giant club!!
* * * LOW HITPOINT WARNING * * *
You slash the two-headed ogre! You hit the two-headed ogre.
The two-headed ogre barely misses you.
The two-headed ogre hits you with a +0 giant club!
You die...

#...................#
#######.####........#
#.# #######..## ##.#
#.....#..#
#..###.###.#..####
#.###.............
#.# #..###.#..####
#O# #......#..# #@#
#.######..# ##.# #..#
#..# #..# #.## #..#
#.# #..# #.# #.####
#....# ##.#########


You could see a two-headed ogre.

Levels and vault maps discovered:
D:1:      psy_arrival_dodecagon, layout_basic, serial_bayou,
          serial_bayou_pond_e, serial_bayou_ford_a, serial_bayou_lagoon_b,
          serial_bayou_lake_a, grunt_decor_one_mirror, st_stairs_4,
          minmay_pentomino_x2
D:2:      layout_loops_cross, first_ration, uniq_terence
D:3:      layout_basic, okawaru_gym_becter, uniq_crazy_yiuf_cottage
D:4:      minmay_evil_eye, layout_loops_ring, old_standard_altar,
          grunt_temple_overflow_open, kiku_gazebo_pond_becter,
          minmay_misc_feat_hallway, uniq_edmund

Notes
Turn   | Place    | Note
-------+----------+-------------------------------------------
     0 | D:1      | drasked the Hill Orc Monk began the quest for the Orb.
     0 | D:1      | Reached XP level 1. HP: 19/19 MP: 1/1
   117 | D:1      | Identified a +0 leather armour (You found it on level 1 of
                  | the Dungeon)
   131 | D:1      | Identified a +0 club
   138 | D:1      | Reached skill level 5 in Axes
   138 | D:1      | Reached XP level 2. HP: 15/26 MP: 2/2
   277 | D:1      | Identified a +0 club
   277 | D:1      | Identified a +0 club
   510 | D:1      | Identified a +0 club
   517 | D:1      | Reached XP level 3. HP: 31/31 MP: 3/3
   638 | D:1      | Identified a +0 dagger
   751 | D:1      | Identified a cursed +0 club
  1041 | D:2      | Identified a +0 spear
  1042 | D:2      | Identified a cursed -3 club
  1055 | D:2      | Reached skill level 6 in Axes
  1058 | D:2      | Identified a cursed -2 whip
  1063 | D:2      | Reached XP level 4. HP: 26/39 MP: 4/4
  1072 | D:1      | HP: 6/39 [gnoll/cursed -2 whip (5)]
  1078 | D:1      | HP: 5/39 [gnoll/cursed -2 whip (2)]
  1334 | D:2      | Identified a +0 flail
  1334 | D:2      | Identified a +0 chain mail
  1334 | D:2      | Noticed Terence
  1334 | D:2      | Identified a +0 club
  1556 | D:1      | HP: 9/39 [Terence/+0 flail (4)]
  1564 | D:1      | Killed Terence
  1564 | D:1      | Reached skill level 7 in Axes
  1998 | D:2      | Identified a +0 hunting sling
  2071 | D:2      | Identified a +0 hunting sling
  2151 | D:2      | Reached XP level 5. HP: 42/45 MP: 5/5
  2238 | D:2      | Identified a +0 club
  2238 | D:2      | Identified a +0 chain mail
  2988 | D:3      | Found an iron altar of Okawaru.
  3135 | D:3      | Reached skill level 8 in Axes
  3395 | D:3      | Identified a +0 pair of gloves (You found it on level 2 of
                  | the Dungeon)
  3397 | D:3      | Identified a ring of teleportation (You found it on level 3
                  | of the Dungeon)
  3398 | D:3      | Identified 5 scrolls of identify
  3398 | D:3      | Identified a potion of lignification
  3399 | D:3      | Identified a potion of berserk rage
  3400 | D:3      | Identified a scroll of blinking
  3572 | D:3      | Identified a +0 club
  3587 | D:3      | Reached XP level 6. HP: 43/51 MP: 6/6
  3683 | D:3      | Identified a +0 club
  3796 | D:3      | Identified a +0 rapier
  3911 | D:3      | Identified a +0 whip
  4104 | D:3      | Identified a +0 short sword
  4265 | D:3      | Found a runed translucent door.
  4266 | D:3      | Identified a +4 quarterstaff of chaos
  4266 | D:3      | Identified a +0 cloak
  4266 | D:3      | Noticed Crazy Yiuf
  4267 | D:3      | Identified 2 scrolls of fear
  4268 | D:3      | Identified a scroll of teleportation
  4427 | D:3      | Identified a +0 short sword
  4427 | D:3      | Identified a cursed -2 leather armour
  4427 | D:3      | Identified a +0 flail
  4427 | D:3      | Identified a +0 mace
  4427 | D:3      | Identified a +0 chain mail
  4582 | D:4      | Reached skill level 9 in Axes
  4698 | D:4      | Identified a +0 whip
  4698 | D:4      | Identified a +0 leather armour
  4943 | D:4      | Found a shimmering blue altar of Sif Muna.
  4971 | D:4      | Identified a cursed -3 giant club
  4971 | D:4      | Identified a +0 giant club
  4971 | D:4      | Noticed a two-headed ogre
  4986 | D:4      | Identified a scroll of random uselessness
  5006 | D:4      | HP: 10/76 [two-headed ogre/cursed -3 giant club (20)]
  5008 | D:4      | Slain by a two-headed ogre

Table legend:
 A = Turns spent in this place as a percentage of turns spent in the entire game.
 B = Non-inter-level travel turns spent in this place as a percentage of non-inter-level travel turns spent in the entire game.
 C = Inter-level travel turns spent in this place as a percentage of turns spent in this place.
 D = Turns resting spent in this place as a percentage of non-inter-level travel turns spent in this place.
 E = Turns spent auto-exploring this place as a percentage of non-inter-level travel turns spent in this place.
 F = Non-inter-level travel turns spent in this place divided by the number of levels of this place that you've seen.
                   A       B       C       D       E      F
               +-------+-------+-------+-------+-------+----------------------
         Total | 100.0 | 100.0 |   5.8 |  35.7 |  41.7 | 1179.5
       Dungeon | 100.0 | 100.0 |   5.8 |  35.7 |  41.7 | 1179.5
               +-------+-------+-------+-------+-------+----------------------

Table legend:
 A = Kills in this place as a percentage of kills in entire the game.
 B = Kills by you in this place as a percentage of kills by you in the entire game.
 C = Kills by friends in this place as a percentage of kills by friends in the entire game.
 D = Other kills in this place as a percentage of other kills in the entire game.
 E = Experience gained in this place as a percentage of experience gained in the entire game.
 F = Experience gained in this place divided by the number of levels of this place that you have seen.
                   A       B       C       D       E      F
               +-------+-------+-------+-------+-------+----------------------
         Total | 100.0 | 100.0 |   N/A |   N/A | 100.0 | 106.2
       Dungeon | 100.0 | 100.0 |   N/A |   N/A | 100.0 | 106.2
               +-------+-------+-------+-------+-------+----------------------

Skill      XL: |  1  2  3  4  5  6 |
---------------+-------------------+-----
Axes           | 5 6 7 8 9 |  9.1
Fighting       | |  3.6
Dodging        | |  2.4
Stealth        | |  1.5

Action                   |  1- 3 |  4- 6 || total
-------------------------+-------+-------++-------
Melee: Hand axe          |    76 |   280 ||   356
Throw: Stone             |     2 |    91 ||    93
       Javelin           |       |    16 ||    16
  Use: Scroll            |       |     6 ||     6
       Potion            |       |     1 ||     1
 Stab: Sleeping          |     1 |     1 ||     2
  Eat: Chunk             |       |    10 ||    10
       Ration            |       |     1 ||     1
Armor: Leather armour    |    17 |    41 ||    58
       Robe              |     1 |       ||     1
       Chain mail        |       |     3 ||     3
Dodge: Dodged            |    52 |   139 ||   191

Vanquished Creatures
  A hound (D:3)
  Terence (D:1)
  A worker ant (D:4)
  7 adders
  5 gnolls
  A shadow imp (D:3)
  3 worms
  4 dart slugs
  4 leopard geckos
  6 orcs
  6 bats
  A giant cockroach (D:3)
  9 goblins
  3 hobgoblins
  4 jackals (D:2)
  8 kobolds
  2 quokkas (D:3)
  A ball python (D:1)
  6 frilled lizards
  9 rats
82 creatures vanquished.
